 Dungeon Crawl Stone Soup version 0.29.1-1-gd02db6906a (webtiles) character file.

Game seed: 9153416689019528680

30 vvl the Stinger (level 3, 0/25 HPs)
             Began as a Demonspawn Venom Mage on Oct 17, 2022.
             Succumbed to Crazy Yiuf's poison
             ... on level 2 of the Dungeon.
             The game lasted 00:03:31 (2200 turns).

vvl the Stinger (Demonspawn Venom Mage)             Turns: 2200, Time: 00:03:31

Health: 0/25       AC:  2    Str:  8    XL:     3   Next: 5%
Magic:  3/6        EV: 12    Int: 18    God:
Gold:   50         SH:  0    Dex: 13    Spells: 5/6 levels left

rFire   . . .      SeeInvis .   c - +0 short sword
rCold   . . .      Faith    .   (no shield)
rNeg    + . .      Spirit   .   a - +0 robe
rPois   .          Reflect  .   (no helmet)
rElec   .          Harm     .   (no cloak)
rCorr   .          Rampage  .   (no gloves)
Will    .....                   (no boots)
Stlth   ++........              (no amulet)
HPRegen 0.08/turn               h - ring of positive energy
MPRegen 0.10/turn               (no ring)

@: lethally poisoned (0 -> -13), studying Ranged Weapons
A: spiny 1
a: no special abilities


You were on level 2 of the Dungeon.
You visited 1 branch of the dungeon, and saw 2 of its levels.

You collected 50 gold pieces.

Inventory:

Hand Weapons
 c - a +0 short sword (weapon)
Armour
 a - a +0 robe (worn)
Jewellery
 h - a ring of positive energy (left hand)
Wands
 p - a wand of polymorph (10)
Scrolls
 d - a scroll of magic mapping {unknown}
 e - 5 scrolls of identify {unknown}
 g - a scroll of amnesia {unknown}
 i - a scroll of silence {unknown}
 l - 2 scrolls of fog {unknown}
 m - 2 scrolls of teleportation {unknown}
Potions
 b - a potion of magic
 f - a potion of resistance {unknown}
 j - a potion of brilliance {unknown}
 k - a potion of curing {unknown}
 n - 2 potions of heal wounds {unknown}
 o - a potion of mutation {unknown}
 q - a potion of haste {unknown}
 r - a potion of flight {unknown}


   Skills:
 + Level 0.8 Fighting
 + Level 0.4 Armour
 - Level 2.0 Dodging
 - Level 2.0 Stealth
 + Level 2.1 Spellcasting
 + Level 1.1 Transmutations
 * Level 3.4 Poison Magic


You had 5 spell levels left.
You knew the following spells:

 Your Spells              Type           Power      Damage    Failure   Level
a - Sting                 Tmut/Pois      40%        1d5       7%          1

Your spell library contained the following spells:

 Spells                   Type           Power      Damage    Failure   Level
 Poisonous Vapours        Pois/Air       16%        N/A       13%         2
 Apportation              Tloc           2%         N/A       19%         1
 Necrotise                Necr           4%         1d4       19%         1
 Summon Small Mammal      Summ           4%         N/A       19%         1
 Mephitic Cloud           Conj/Pois/Air  6%         N/A       32%         3
 Olgreb's Toxic Radiance  Pois           14%        N/A       38%         4


Dungeon Overview and Level Annotations

Branches:
Dungeon (2/15)

Altars:

Annotations:
D:2 Crazy Yiuf


Innate Abilities, Weirdness & Mutations

You are partially covered in sharp spines.


Message History

Your magical contamination has completely faded away.
There is an open door here.
e - 5 scrolls labelled APHASUNURI (gained 1)
Things that are here:
a +0 dagger; a stone
There is an open door here.
Key pressed, stopping explore.
Partly explored, can't reach some places.
Partly explored, can't reach some places.
Partly explored, can't reach some places.
You hit the fungus.
The fungus begins to die.
The fungus is lightly damaged.
You hit the fungus.
The fungus begins to die.
The fungus is lightly damaged.
You hit the fungus.
The fungus is lightly damaged.
You hit the fungus.
The fungus is lightly damaged.
A nearby fungus withers and dies. x2
Found a hammer.
Found a runed translucent door.
You open the door.
Crazy Yiuf shouts!
There is an open translucent door here.
The sting hits Crazy Yiuf.
Crazy Yiuf is poisoned.
Crazy Yiuf is lightly wounded.
Crazy Yiuf glowers.
The sting misses Crazy Yiuf.
Crazy Yiuf is struck by your spines. Crazy Yiuf barely misses you.
The sting hits Crazy Yiuf but does no damage.
Crazy Yiuf looks even sicker.
Crazy Yiuf is moderately wounded.
Crazy Yiuf is struck by your spines.
Crazy Yiuf hits you with a +4 quarterstaff of chaos!
Ouch! That really hurt!
Crazy Yiuf cries, "Lugonu noodlescoop hog!"
Crazy Yiuf attacks as you move away!
Crazy Yiuf hits you with a +4 quarterstaff of chaos.
* * * LOW HITPOINT WARNING * * *
You are lethally poisoned!
You die...

###.........#.....#.#...###..####
###.........#.....#.#...# #..# #
.........)..'...........# #..## #
###.##.#....#..####.....# #...###
.......######### #####.# #......
.......# #.###...... .##.##.#
♣♣♣♣♣##...#.##### .##.##.# ####
♣♣♣.♣.P#..###.##### .'..##.#
#...#♣.@♣..P............ .####..#
#...'g♣♣♣♣......##.##### ######.#
#)..#♣♣ ♣♣.#........... .......#
#### ♣♣##.###.##### .#####.# #.#
#.# ## #.# #.# #.# # #.###
########.# #.# #
#.#.#######.##.##.## #.#
#..............##.# #.#


You could see Crazy Yiuf (very poisoned).

Vanquished Creatures
  5 endoplasms
  3 giant cockroaches
  A hobgoblin (D:1)
  A quokka (D:2)
  3 ball pythons
  3 frilled lizards
  3 goblins
  6 kobolds
  3 rats
28 creatures vanquished.

Vanquished Creatures (others)
  2 fungi (D:2)
2 creatures vanquished.

Grand Total: 30 creatures vanquished

Notes
Turn   | Place    | Note
-------+----------+-------------------------------------------
     0 | D:1      | vvl the Demonspawn Venom Mage began the quest for the Orb.
     0 | D:1      | Reached XP level 1. HP: 13/13 MP: 3/3
    11 | D:1      | Noticed a bullfrog
   418 | D:1      | Reached skill level 1 in Transmutations
   511 | D:1      | Gained mutation: You are partially covered in sharp spines.
                  | [demonic ancestry]
   511 | D:1      | Reached XP level 2. HP: 20/20 MP: 3/5
   904 | D:1      | Found a faded altar of an unknown god.
  1891 | D:2      | Reached XP level 3. HP: 23/25 MP: 4/6
  2189 | D:2      | Found a runed translucent door.
  2190 | D:2      | Noticed Crazy Yiuf
  2200 | D:2      | Succumbed to Crazy Yiuf's poison

Illustrated notes

Levels and vault maps discovered:
D:1:      evilmike_arrival_come_back, layout_rooms,
          dreamdust_ecumenical_altar_angels_and_demons
D:2:      layout_basic, uniq_crazy_yiuf_cottage

Skill      XL: |  1  2 |
---------------+-------+-----
Transmutations | 1 |  1.1
Stealth        | 2 |  2.0
Dodging        | 2 |  2.0
Fighting       | |  0.8
Armour         | |  0.4
Spellcasting   | |  2.1
Poison Magic   | |  3.4

Action                   || total
-------------------------++-------
Melee: Unarmed           ||    11
       Short sword       ||    15
 Cast: Sting             ||    43
Armor: Robe              ||     5
Dodge: Dodged            ||    21
